 Dungeon Crawl Stone Soup version 0.23.2-30-g0e89c35649 (webtiles) character file.

Game seed: 16265578464943266071

773 PentaManta the Chopper (level 7, -4/41 HPs)
             Began as a Gargoyle Fighter on June 8, 2019.
             Was a Follower of Okawaru.
             Slain by an ogre
             ... wielding a +0 giant club
              (12 damage)
             ... on level 4 of the Dungeon.
             The game lasted 00:07:00 (3419 turns).

PentaManta the Chopper (Gargoyle Fighter)           Turns: 3419, Time: 00:07:02

Health: -4/41      AC: 16    Str: 22    XL:     7   Next: 83%
Magic:  7/7        EV:  4    Int:  8    God:    Okawaru [*.....]
Gold:   184        SH: 10    Dex:  9    Spells: 6/6 levels left

rFire    . . .     SeeInvis .   j - +0 hand axe
rCold    . . .     Gourm    +   c - +0 shield
rNeg     + . .     Faith    .   l - +0 plate armour
rPois    ∞         Spirit   .   (no helmet)
rElec    +         Reflect  .   (no cloak)
rCorr    .         Harm     .   (no gloves)
MR       .....                  (no boots)
Stlth    ..........             x - amulet of the gourmand
HPRegen  0.13/turn              (no ring)
MPRegen  0.10/turn              (no ring)

@: no status effects
A: negative energy resistance 1, electricity resistance, unbreathing,
petrification resistance, rot immunity, AC +4
a: Heroism, Renounce Religion


You were on level 4 of the Dungeon.
You worshipped Okawaru.
Okawaru was aware of your devotion.
You were not hungry.

You visited 1 branch of the dungeon, and saw 4 of its levels.
You also visited: Sewer.

You collected 184 gold pieces.

Inventory:

Hand Weapons
 a - a +0 war axe
 j - a +0 hand axe (weapon)
Armour
 c - a +0 shield (worn)
 l - a +0 plate armour (worn)
Jewellery
 x - an amulet of the gourmand (around neck)
Wands
 s - a wand of paralysis (6)
Scrolls
 e - a scroll of enchant armour {unknown}
 h - 2 scrolls of identify
 i - 2 scrolls of remove curse {unknown}
 o - a scroll of enchant weapon {unknown}
 p - a scroll of amnesia {unknown}
 r - a scroll of magic mapping
 t - 2 scrolls of fear {unknown}
 u - a scroll of teleportation
Potions
 b - a potion of ambrosia {unknown}
 d - a potion of curing {unknown}
 g - 3 potions of flight
 k - 4 potions of heal wounds
 m - a potion of berserk rage {unknown}
 n - 3 potions of brilliance {unknown}
 q - a potion of magic {unknown}
 v - 2 potions of mutation {unknown}
Comestibles
 f - a ration


   Skills:
 - Level 3.2 Fighting
 * Level 6.5 Axes
 - Level 3.2 Armour
 + Level 6.2 Shields


You had 6 spell levels left.
You didn't know any spells.
Your spell library contained the following spells:

 Spells                   Type           Power        Failure   Level  Hunger
 Ice Form                 Ice/Tmut       #.......     100%        4    #####..
 Metabolic Englaciation   Hex/Ice        #.........   100%        5    ######.
 Bolt of Cold             Conj/Ice       #.........   100%        6    #######
 Freezing Cloud           Conj/Ice/Air   #.........   100%        6    #######
 Ozocubu's Refrigeration  Ice            #.........   100%        6    #######
 Simulacrum               Ice/Necr       #.........   100%        6    #######


Dungeon Overview and Level Annotations

Branches:
Dungeon (4/15)
 Temple: D:4-7

Altars:
Okawaru
Trog
Uskayaw
Xom


Innate Abilities, Weirdness & Mutations

You are resistant to torment.
Your stone body is resilient. (AC +4)
You are immune to poison.
You resist negative energy. (rN+)
You are resistant to electric shocks. (rElec)
You can survive without breathing.
You are immune to petrification.
You are immune to rotting.


Message History

The ogre is heavily wounded.
You hit the quokka.
The quokka bites you but does no damage.
The ogre hits you with a +0 giant club!
You hit the ogre.
The ogre is severely wounded.
You hit the quokka but do no damage.
The quokka bites you but does no damage.
You hit the ogre.
The ogre is severely wounded.
You closely miss the quokka. The ogre hits you with a +0 giant club!
* * * LOW HITPOINT WARNING * * *
The quokka bites you but does no damage.
You hit the ogre.
The ogre is almost dead.
You hit the quokka.
You kill the quokka!
Okawaru accepts your kill. The ogre hits you with a +0 giant club!
You die...

#.# #. #.# #.. #.# #.#
#.# #.# #.# #r#
######## #.# #.# #
.......###.#.#####.##.#
#####...##.#...O@.....#
####.###(#.#######.####
.....# #...# #.#
####.###.### #.#
##...##########.#
##.............#
###############


You could see an ogre.

Vanquished Creatures
  Purgy (Sewer)
  A necrophage (D:4)
  A centaur (D:2)
  2 crimson imps (D:4)
  A centaur skeleton (D:4)
  2 hounds (D:4)
  2 orc priests (D:3)
  2 orc wizards
  An iguana (D:4)
  3 worker ants (D:4)
  6 adders
  3 worms
  A dart slug (D:2)
  12 orcs
  6 ball pythons
  5 giant cockroaches
  3 goblins
  3 hobgoblins
  3 jackals (D:1)
  9 kobolds
  5 quokkas
  7 bats
  4 frilled lizards
  3 rats
86 creatures vanquished.

Notes
Turn   | Place    | Note
-------+----------+-------------------------------------------
     0 | D:1      | PentaManta the Gargoyle Fighter began the quest for the
                  | Orb.
     0 | D:1      | Reached XP level 1. HP: 14/14 MP: 1/1
    78 | D:1      | Reached XP level 2. HP: 19/19 MP: 2/2
   739 | D:2      | Reached XP level 3. HP: 19/23 MP: 3/3
   837 | D:2      | Noticed a +0 dagger
   837 | D:2      | Noticed a +0 dagger
   838 | D:2      | Found a hide-covered altar of Uskayaw.
  1028 | D:2      | Noticed a centaur
  1042 | D:2      | Killed a centaur
  1042 | D:2      | Reached XP level 4. HP: 17/28 MP: 4/4
  1218 | D:2      | Reached XP level 5. HP: 32/32 MP: 5/5
  1432 | D:3      | Found a glowing drain.
  1440 | Sewer    | Entered a sewer
  1508 | Sewer    | Noticed Purgy
  1518 | Sewer    | Killed Purgy
  1518 | Sewer    | Reached skill level 5 in Shields
  1518 | Sewer    | Reached XP level 6. HP: 29/37 MP: 6/6
  1826 | D:3      | Reached skill level 5 in Axes
  1926 | D:3      | Found an iron altar of Okawaru.
  1926 | D:3      | Found a bloodstained altar of Trog.
  1940 | D:3      | Became a worshipper of Warmaster Okawaru
  2584 | D:4      | Reached XP level 7. HP: 23/41 MP: 7/7
  3051 | D:4      | Found a shimmering altar of Xom.
  3081 | D:4      | Reached * piety under Okawaru
  3419 | D:4      | Slain by an ogre

Skill      XL: |  1  2  3  4  5  6  7 |
---------------+----------------------+-----
Axes           | 2 3 4 5 6 |  6.5
Shields        | 4 5 6 |  6.2
Fighting       | |  3.2
Armour         | |  3.2

Action                   |  1- 3 |  4- 6 |  7- 9 || total
-------------------------+-------+-------+-------++-------
Melee: War axe           |    62 |       |       ||    62
       Hand axe          |    72 |   186 |   121 ||   379
  Use: Scroll            |       |     5 |       ||     5
       Potion            |       |     3 |       ||     3
  Eat: Chunk             |       |     4 |     2 ||     6
       Ration            |       |     1 |       ||     1
Armor: Scale mail        |    54 |       |       ||    54
       Plate armour      |    26 |   133 |    67 ||   226
Dodge: Dodged            |    47 |    33 |    19 ||    99
Block: Shield            |    79 |   104 |    55 ||   238
